 Dungeon Crawl Stone Soup version 0.27-a0-732-ga892ba84f6 (webtiles) character file.

Game seed: 5967028170434929883

171 Shadow29844 the Skirmisher (level 5, -5/47 HPs)
             Began as a Minotaur Fighter on Mar 23, 2021.
             Slain by gregwegmann's ghost (11 damage)
             ... on level 3 of the Dungeon.
             The game lasted 00:06:26 (2203 turns).

Shadow29844 the Skirmisher (Minotaur Fighter)       Turns: 2203, Time: 00:06:27

Health: -5/47      AC:  7    Str: 21    XL:     5   Next: 26%
Magic:  4/4        EV:  8    Int:  8    God:
Gold:   110        SH:  9    Dex: 10    Spells: 4/4 levels left

rFire    . . .     SeeInvis .   a - +1 war axe
rCold    . . .     Faith    .   c - +0 kite shield
rNeg     + + +     Spirit   .   b - +0 scale mail
rPois    .         Reflect  .   (helmet restricted)
rElec    .         Harm     .   (no cloak)
rCorr    .         Rampage  .   (no gloves)
Will     .....                  (no boots)
Stlth    ..........             e - amulet "Meclibeo" {Fragile +Fly rN++ Regen+ Int+3}
HPRegen  1.15/turn              o - ring of positive energy
MPRegen  0.09/turn              (no ring)

@: no status effects
A: horns 2, retaliatory headbutt
a: Evoke Flight


You were on level 3 of the Dungeon.
You visited 1 branch of the dungeon, and saw 3 of its levels.

You collected 110 gold pieces.

Inventory:

Hand Weapons
 a - a +1 war axe (weapon)
Armour
 b - a +0 scale mail (worn)
 c - a +0 kite shield (worn)
Jewellery
 e - the amulet "Meclibeo" (around neck) {Fragile +Fly rN++ Regen+ Int+3}
   (You acquired it on level 1 of the Dungeon)

   [amulet of regeneration]

   It affects your intelligence (+3).
   It greatly protects you from negative energy.
   It lets you fly.
   It increases your rate of regeneration.
   It will be destroyed if unequipped.
 o - a ring of positive energy (right hand)
Wands
 m - a wand of polymorph (11)
 n - a wand of digging (7)
Scrolls
 g - a scroll of vulnerability {unknown}
 l - 3 scrolls of enchant armour
 s - a scroll of immolation
Potions
 d - 2 potions of might
 f - a potion of flight
 h - a potion of lignification
 i - a potion of ambrosia
 j - a potion of invisibility {unknown}
 k - 3 potions of curing
 p - a potion of degeneration
 q - a potion of cancellation {unknown}


   Skills:
 + Level 4.7 Fighting
 + Level 4.3 Axes
 + Level 4.3 Armour
 + Level 1.0 Dodging
 + Level 4.7 Shields


You had 4 spell levels left.
You didn't know any spells.
Your spell library was empty.

Dungeon Overview and Level Annotations

Branches:
Dungeon (3/15)

Altars:
Cheibriados
Fedhas
Hepliaklqana
Vehumet

Annotations:
D:3 1 transporter, gregwegmann's ghost, amateur HuFi


Innate Abilities, Weirdness & Mutations

You have a pair of horns on your head.
You reflexively headbutt those who attack you in melee.


Message History

You hit gregwegmann's ghost.
Gregwegmann's ghost is moderately damaged.
You hit the kobold. Gregwegmann's ghost closely misses you.
The kobold hits you but does no damage. You block gregwegmann's ghost's attack.
Unknown command.
Your shield and scale mail prevent you from hitting gregwegmann's ghost.
You headbutt gregwegmann's ghost!
Gregwegmann's ghost is heavily damaged.
You barely miss the kobold. The kobold hits you but does no damage.
Gregwegmann's ghost hits you! The kobold barely misses you.
Unknown command.
You hit gregwegmann's ghost. You headbutt gregwegmann's ghost.
Gregwegmann's ghost is severely damaged.
You closely miss the kobold. Gregwegmann's ghost hits you!
You block the kobold's attack. Gregwegmann's ghost barely misses you.
Unknown command.
You hit gregwegmann's ghost but do no damage.
Gregwegmann's ghost is severely damaged.
You hit the kobold.
You kill the kobold!
You block gregwegmann's ghost's attack.
Unknown command.
You hit gregwegmann's ghost but do no damage.
Gregwegmann's ghost is severely damaged.
Gregwegmann's ghost hits you. Gregwegmann's ghost hits you!
* * * LOW HITPOINT WARNING * * *
You hit gregwegmann's ghost but do no damage.
Gregwegmann's ghost is severely damaged.
You block gregwegmann's ghost's attack.
Unknown command.
You hit gregwegmann's ghost but do no damage.
Your headbutt misses gregwegmann's ghost.
Gregwegmann's ghost is severely damaged.
Gregwegmann's ghost hits you!
* * * LOW HITPOINT WARNING * * *
You block gregwegmann's ghost's attack.
You hit gregwegmann's ghost. You headbutt gregwegmann's ghost.
Gregwegmann's ghost is severely damaged.
Gregwegmann's ghost hits you!
You die...

#....#......##....#####
+....'...>......©.....##
#....#......#########..#
##÷........##8.![$.8##.#
...####....#.........#.#
##.# #....#.........#.#
##.## #....#.........#.#
#...###....#....©....#.#
.._........#....@....#.#
#...##.##..#...)W)...#.#
##.###.##..#©..?..!..#.#
#.###.##..##8.....8##.#
##.....##...#########..#
...######.......©.....##
...# ##........#####
#### #####...## #####


You could see gregwegmann's ghost.

Vanquished Creatures
  Natasha (thrice) (D:2)
  3 adders (D:2)
  A worm (D:2)
  2 orcs
  5 giant cockroaches
  5 goblins
  2 hobgoblins
  4 jackals (D:1)
  7 oozes
  4 quokkas
  7 ball pythons
  10 bats
  4 frilled lizards
  5 kobolds
  2 rats (D:2)
64 creatures vanquished.

Notes
Turn   | Place    | Note
-------+----------+-------------------------------------------
     0 | D:1      | Shadow29844 the Minotaur Fighter began the quest for the
                  | Orb.
     0 | D:1      | Reached XP level 1. HP: 19/19 MP: 0/0
   215 | D:1      | Reached XP level 2. HP: 24/27 MP: 1/1
   833 | D:1      | Reached XP level 3. HP: 27/33 MP: 2/2
   942 | D:1      | Identified a scroll of acquirement
   942 | D:1      | Acquired the amulet "Meclibeo" {Fragile +Fly rN++ Regen+
                  | Int+3}
  1042 | D:2      | Noticed Natasha
  1051 | D:2      | Killed Natasha
  1090 | D:2      | Noticed Natasha
  1100 | D:2      | Reached XP level 4. HP: 40/40 MP: 3/3
  1111 | D:2      | Killed Natasha
  1186 | D:2      | Found a faded altar of an unknown god.
  1291 | D:2      | Noticed Natasha
  1296 | D:2      | Killed Natasha
  1297 | D:2      | Reached XP level 5. HP: 47/47 MP: 4/4
  1307 | D:2      | Found a radiant altar of Vehumet.
  1548 | D:3      | Noticed gregwegmann's ghost (amateur HuFi)
  1549 | D:3      | Found a transporter.
  1552 | D:3      | Found a transporter.
  1555 | D:3      | Found a snail-covered altar of Cheibriados.
  1621 | D:3      | Found a blossoming altar of Fedhas.
  1852 | D:3      | Found a hazy altar of Hepliaklqana.
  1903 | D:3      | Reached skill level 1 in Dodging
  2203 | D:3      | Slain by gregwegmann's ghost

Illustrated notes

Levels and vault maps discovered:
D:1:      evilmike_arrival_crescent, layout_basic
D:2:      layout_rooms, lemuel_round_altar, chequers_ecumenical_altar_island,
          uniq_natasha
D:3:      layout_basic, nicolae_overflow_crystal_walls, fedhas_ov_isle_minmay,
          lemuel_round_altar, gammafunk_ghost_arena, kennysheep_boxes

Skill      XL: |  1  2  3  4  5 |
---------------+----------------+-----
Shields        | 4 |  4.7
Fighting       | 4 |  4.7
Axes           | 3 4 |  4.3
Armour         | 4 |  4.3
Dodging        | 1 |  1.0

Action                   |  1- 3 |  4- 6 || total
-------------------------+-------+-------++-------
Melee: War axe           |    77 |    60 ||   137
       Headbutt          |     9 |    15 ||    24
       Unarmed           |       |     1 ||     1
  Use: Scroll            |     4 |     7 ||    11
Armor: Scale mail        |    37 |    34 ||    71
Dodge: Dodged            |    36 |    33 ||    69
Block: Kite shield       |    54 |    55 ||   109

Table legend: (Time is in decaauts)
 A = Elapsed time spent in this place.
 B = Non-inter-level travel time spent in this place.
 C = Inter-level travel time spent in this place.
 D = Time resting spent in this place.
 E = Time spent auto-exploring this place.
 F = Levels seen in this place.
 G = Mean time per level.
                   A        B        C        D        E       F      G
               +--------+--------+--------+--------+--------+-----+--------+
         Total |   2308 |   2275 |     33 |     20 |   1628 |   3 |  769.3 |
       Dungeon |   2308 |   2275 |     33 |     20 |   1628 |   3 |  769.3 |
               +--------+--------+--------+--------+--------+-----+--------+

Top non-repeatable levels by time:
     D:1: 993 daAuts
     D:3: 716 daAuts
     D:2: 598 daAuts
